 Dungeon Crawl Stone Soup version 0.21-a0-156-g77413b7 (webtiles) character file.

79 namelastname112 the Skirmisher (level 4, -4/42 HPs)
             Began as a Draconian Wanderer on Aug 3, 2017.
             Slain by Sigmund
             ... wielding a +0 scythe
              (7 damage)
             ... on level 2 of the Dungeon.
             The game lasted 00:01:50 (1143 turns).

namelastname112 the Skirmisher (Draconian Wanderer) Turns: 1143, Time: 00:01:51

Health: -4/42      AC:  5    Str: 12    XL:     4   Next: 16%
Magic:  7/7        EV: 12    Int: 13    God:
Gold:   113        SH:  0    Dex: 13    Spells: 7/7 levels left

rFire    . . .     SeeInvis .   (no weapon)
rCold    . . .     Gourm    .   (no shield)
rNeg     . . .     Faith    .   (armour unavailable)
rPois    .         Spirit   .   (helmet restricted)
rElec    .         Reflect  .   (no cloak)
rCorr    .         Harm     .   (no gloves)
MR       .....                  (no boots)
Stlth    ++........             (no amulet)
HPRegen  0.14/turn              (no ring)
MPRegen  0.10/turn              (no ring)

@: hasted, very quick
A: unfitting armour, cold-blooded, AC +5
a: no special abilities


You were on level 2 of the Dungeon.
You were hungry.

You visited 1 branch of the dungeon, and saw 2 of its levels.

You collected 113 gold pieces.

Inventory:

Hand Weapons
 b - a +0 hand crossbow
Jewellery
 j - an uncursed ring of ice
Scrolls
 d - a scroll of teleportation
 e - 6 scrolls of identify {unknown}
 h - a scroll of magic mapping {unknown}
 i - a scroll of immolation {unknown}
 k - a scroll of fear {unknown}
Books
 a - a book of Minor Magic

   Spells                             Type                      Level
   a - Magic Dart                     Conjuration                  1
   b - Blink                          Translocation                2
   c - Call Imp                       Summoning                    2
   d - Slow                           Hexes                        2
   e - Conjure Flame                  Conjuration/Fire             3
   f - Mephitic Cloud                 Conjuration/Poison/Air       3
Comestibles
 f - a bread ration
 l - a fruit
 n - a meat ration


   Skills:
 + Level 5.4 Fighting
 - Level 1.0 Crossbows
 + Level 2.2 Dodging
 - Level 1.0 Stealth
 - Level 2.0 Spellcasting
   Level 1.0 Necromancy
   Level 1.0 Evocations


You had 7 spell levels left.
You didn't know any spells.

Dungeon Overview and Level Annotations

Branches:
Dungeon (2/15)

Altars:
Vehumet

Annotations:
D:2 Sigmund


Innate Abilities, Weirdness & Mutations

Your plain brown scales are hard. (AC +5)
You cannot fit into any form of body armour.
You are cold-blooded and may be slowed by cold attacks.


Message History

You closely miss Sigmund.
You tail-slap Sigmund, but do no damage.
Sigmund is almost dead.
Sigmund hits you but does no damage.
You hit Sigmund but do no damage.
Sigmund is almost dead.
You barely miss Sigmund.
Sigmund is almost dead.
Sigmund gestures wildly while chanting.
Sigmund flickers and vanishes!
Deactivating autopickup; reactivate with Ctrl-A.
You barely miss something.
Your tail-slap misses something.
You hit something. You tail-slap something.
You hear some strange, mumbled words.
A magic dart appears from out of thin air!
The magic dart hits you!
* * * LOW HITPOINT WARNING * * *
You take 2 damage, and have 3/42 hp.
You barely miss something. Something hits you!
You die...

#.....#### #.# ##.# ......####
##.# #..#
.##......###..##########.#######
###.............................#
#...#####..........>..#######..
#...####..#########....# # ...
#...##...## #######.##.####..##
#...##.######..(............###
###....####..(@{.)(.(...#.....#
##...#####...##..........#####..
##..........####.............(†.†
#....######## #..........#######
###### #........).# #
#..........# # ############ # #


There were no monsters in sight!

Vanquished Creatures
  Natasha (D:2)
  2 adders (D:2)
  An ooze (D:2)
  A worm (D:2)
  A giant cockroach (D:1)
  2 goblins
  5 hobgoblins
  3 jackals (D:1)
  4 bats
  5 frilled lizards
  4 kobolds
  A rat (D:1)
30 creatures vanquished.

Vanquished Creatures (others)
  Natasha (D:2)
1 creature vanquished.

Grand Total: 31 creatures vanquished

Notes
Turn   | Place    | Note
-------+----------+-------------------------------------------
     0 | D:1      | namelastname112 the Draconian Wanderer began the quest for the Orb.
     0 | D:1      | namelastname112 set off with: a book of Minor Magic, a +0 hand crossbow, 19 bolts, a scroll of teleportation, a bread ration
     0 | D:1      | Reached XP level 1. HP: 22/22 MP: 3/3
   350 | D:1      | Reached skill level 1 in Dodging
   356 | D:1      | Reached XP level 2. HP: 23/28 MP: 5/5
   937 | D:2      | Noticed Natasha
   940 | D:2      | Killed Natasha
   940 | D:2      | Reached skill level 5 in Fighting
   940 | D:2      | Reached XP level 3. HP: 36/36 MP: 6/6
   961 | D:2      | Killed Natasha
  1051 | D:2      | Reached XP level 4. HP: 42/42 MP: 7/7
  1057 | D:2      | Found a radiant altar of Vehumet.
  1123 | D:2      | Noticed Sigmund
  1143 | D:2      | Slain by Sigmund

Vault maps used:
D:1:      dpeg_arrival_ternary
D:2:      fiery_altar_vehumet, tgw_xom, first_bread, uniq_natasha, uniq_sigmund

Skill      XL: |  1  2  3 |
---------------+----------+-----
Dodging        | 1 2 |  2.2
Fighting       | 5 |  5.4
Crossbows      | |  1.0
Stealth        | |  1.0
Spellcasting   | |  2.0
Necromancy     | |  1.0
Evocations     | |  1.0

Action                   |  1- 3 |  4- 6 || total
-------------------------+-------+-------++-------
Melee: Unarmed           |       |    10 ||    10
       Tailslap          |       |     3 ||     3
 Fire: Hand crossbow     |    74 |     8 ||    82
  Use: Potion            |       |     3 ||     3
Armor: Skin              |    12 |     1 ||    13
Dodge: Dodged            |    23 |     1 ||    24
